 Dungeon Crawl Stone Soup version 0.29-a0-330-g52719c12eb (webtiles) character file.

Game seed: 4505241833217018707

10989 Anon1729 the Basher (level 11, 0/151 HPs)
             Began as a Minotaur Monk on Apr 29, 2022.
             Was the Champion of Dithmenos.
             Slain by a cyclops (13 damage)
             ... on level 11 of the Dungeon.
             The game lasted 00:14:26 (9914 turns).

Anon1729 the Basher (Minotaur Monk)                 Turns: 9914, Time: 00:14:26

Health: 0/151      AC: 25    Str: 23    XL:     11   Next: 43%
Magic:  10/10      EV:  2    Int:  7    God:    Dithmenos [******]
Gold:   618        SH:  0    Dex: 16    Spells: 10/10 levels left

rFire   . . .      SeeInvis .   o - +6 shillelagh "Devastator" {shatter}
rCold   . . .      Faith    .   (no shield)
rNeg    . . .      Spirit   .   (body armour currently unavailable)
rPois   +          Reflect  .   (helmet currently unavailable)
rElec   .          Harm     .   (cloak currently unavailable)
rCorr   +          Rampage  .   (gloves currently unavailable)
Will    .....      NoTele   +   (boots currently unavailable)
Stlth   ++++++....              (no amulet)
HPRegen 0.35/turn               F - +6 ring of strength
MPRegen 0.12/turn               c - ring of resist corrosion

@: tree-form, slowed, wreathed by umbra, very slow
A: stationary, stasis, torment immunity, boosted hp, (horns 2), (retaliatory
headbutt)
a: Renounce Religion, Shadow Step, Shadow Form


You were on level 11 of the Dungeon.
You worshipped Dithmenos.
Dithmenos was exalted by your worship.
You were a tree.
You visited 2 branches of the dungeon, and saw 12 of its levels.

You collected 618 gold pieces.

Inventory:

Hand Weapons
 a - a +0 falchion
 j - the +1 mace "Qubior" {vorpal, Drain rC++ MP+9 Str+2}
   (You found it on level 2 of the Dungeon)

   It inflicts extra damage upon your enemies.
   Str:       It affects your strength (+2).
   rC:        It greatly protects you from cold.
   MP:        It affects your magic capacity (+9).
   Drain:     It drains your maximum health when unequipped.
 o - the +6 shillelagh "Devastator" (weapon) {shatter}
   (You found it on level 2 of the Dungeon)

   It releases a powerful concussive burst when it strikes, dealing extra damage
   to the target and all other foes adjacent to them.
 p - the +10 mace "Irys" {flame, *Corrode Will+++ Str+4}
   (You found it on level 2 of the Dungeon)

   It burns those it strikes, dealing additional fire damage.
   Str:       It affects your strength (+4).
   *Corrode:  It may corrode you when you take damage.
   Will:      It greatly increases your willpower.
 q - the +6 mace of the Fortifying Gods {venom, +Blink rElec rC++ Dex-4}
   (You found it on level 2 of the Dungeon)

   It poisons the flesh of those it strikes.
   Dex:       It affects your dexterity (-4).
   rC:        It greatly protects you from cold.
   rElec:     It insulates you from electricity.
   +Blink:    It lets you blink.
 s - the +6 mace of Amorality {flame, Int+3}
   (You found it on level 2 of the Dungeon)

   It burns those it strikes, dealing additional fire damage.
   Int:       It affects your intelligence (+3).
 t - the +1 mace of Change {vamp, rC+ Will- Dex+3}
   (You found it on level 2 of the Dungeon)

   It occasionally heals its wielder for a portion of the damage dealt when it
   wounds a living foe.
   Dex:       It affects your dexterity (+3).
   rC:        It protects you from cold.
   Will:      It decreases your willpower.
 u - the +2 mace "Kohicuk" {spect, rPois}
   (You found it on level 2 of the Dungeon)

   When its wielder attacks, the weapon's spirit leaps out and strikes again.
   The spirit shares a part of any damage it takes with its wielder.
   rPois:     It protects you from poison.
Armour
 b - a +0 robe (melded)
 k - a +0 pair of boots (melded)
 C - a +0 cloak
 R - a scarf of shadows (melded)
Jewellery
 c - a ring of resist corrosion (right branch)
 F - a +6 ring of strength (left branch)
 G - a ring of magical power
 P - an amulet of magic regeneration
 S - a ring of flight
Wands
 x - a wand of iceblast (16)
 A - a wand of acid (6)
 K - a wand of flame (31)
 O - a wand of paralysis (1)
Scrolls
 d - 2 scrolls of torment
 e - 2 scrolls of enchant weapon {unknown}
 i - a scroll of noise {unknown}
 l - 3 scrolls of fear
 m - 4 scrolls of fog
 n - 3 scrolls of blinking
 r - a scroll of acquirement {unknown}
 w - a scroll of summoning {unknown}
 y - 5 scrolls of teleportation
 D - a scroll of silence {unknown}
 E - a scroll of holy word {unknown}
 L - a scroll of amnesia {unknown}
 M - a scroll of immolation {unknown}
 N - 5 scrolls of vulnerability
Potions
 f - 5 potions of curing
 g - 2 potions of cancellation {unknown}
 h - 4 potions of magic
 v - a potion of mutation {unknown}
 z - 2 potions of invisibility {unknown}
 B - 2 potions of lignification
 I - a potion of experience {unknown}
 J - a potion of attraction {unknown}
 Q - a potion of haste


   Skills:
 + Level 10.5 Fighting
 - Level 4.3 Long Blades
 * Level 13.3 Maces & Flails
 + Level 9.6 Dodging
 + Level 7.7 Stealth


You had 10 spell levels left.
You didn't know any spells.
Your spell library contained the following spells:

 Spells                   Type           Power      Damage    Failure   Level
 Apportation              Tloc           0%         N/A       43%         1
 Slow                     Hex            0%         N/A       43%         1
 Blink                    Tloc           0%         N/A       56%         2
 Scorch                   Fire           0%         2d5       56%         2
 Confusing Touch          Hex            0%         N/A       80%         3
 Conjure Flame            Conj/Fire      0%         6-21      80%         3
 Ignite Poison            Fire/Tmut/Pois 0%         N/A       80%         3
 Inner Flame              Hex/Fire       0%         N/A       80%         3
 Lesser Beckoning         Tloc           0%         N/A       80%         3
 Vampiric Draining        Necr           0%         2d6       80%         3
 Cause Fear               Hex            0%         N/A       99%         4
 Flame Wave               Conj/Fire      0%         2d4       99%         4
 Sticky Flame             Conj/Fire      0%         2d3       99%         4
 Alistair's Intoxication  Tmut/Pois      0%         N/A       100%        5
 Fireball                 Conj/Fire      0%         3d3       100%        5
 Iskenderun's Battlesphe  Conj           0%         2d6       100%        5
 Manifold Assault         Tloc           0%         N/A       100%        5
 Conjure Ball Lightning   Conj/Air       0%         3x3d6     100%        6
 Summon Cactus Giant      Summ           0%         N/A       100%        6
 Orb of Destruction       Conj           0%         9d5       100%        7
 Discord                  Hex            0%         N/A       100%        8


Dungeon Overview and Level Annotations

Branches:
Dungeon (11/15)            Temple (1/1) D:7             Orc (0/2) D:10
   Lair: D:8-11

Altars:
Ashenzari
Cheibriados
Dithmenos
Elyvilon
Fedhas
Gozag
Hepliaklqana
Kikubaaqudgha
Makhleb
Nemelex Xobeh
Okawaru
Qazlal
Ru
Sif Muna
Trog
Uskayaw
Vehumet
Wu Jian
Xom
Yredelemnul
Zin
The Shining One

Annotations:
D:2 1 runed translucent door, Crazy Yiuf
D:4 2 transporters
D:9 1 transporter, B1inky's ghost, novice OpEE
D:11 3 runed translucent doors, Flippered's ghost, journeyman TrTm; kae's ghost, journeyman DgFE; manifold's ghost, journeyman TrWr


Innate Abilities, Weirdness & Mutations

You are a tree.
Your roots penetrate the ground, keeping you stationary.
You cannot be teleported.
You are immune to unholy pain and torment.
Your maximum health is greatly increased.
Your equipment is partially melded.
((You have a pair of horns on your head.))
((You reflexively headbutt those who attack you in melee.))


Message History

You sock the yak!
The water moccasin, the cyclops and the yak shudder.
The water moccasin is almost dead.
The cyclops is lightly wounded.
The yak is moderately wounded.
You kill the yak!
Dithmenos accepts your kill. The yak gores you.
* * * LOW HITPOINT WARNING * * *
The water moccasin bites you but does no damage.
You hit the water moccasin.
The cyclops shudders.
The cyclops is moderately wounded.
You kill the water moccasin!
Dithmenos accepts your kill.
You hear an angry hiss.
An iguana comes into view.
The yak gores you!
* * * LOW HITPOINT WARNING * * *
You hit the cyclops.
The cyclops and the yak shudder.
The cyclops is severely wounded.
The yak is heavily wounded.
The cyclops is severely wounded.
Your shadow hits the cyclops with a club.
You hit the cyclops but do no damage.
The cyclops is severely wounded.
The wraith hits you!
* * * LOW HITPOINT WARNING * * *
The wraith drains your vigour!
You feel yourself slow down. The yak gores you but does no damage.
The cyclops hits you but does no damage.
You hit the cyclops.
The cyclops and the yak shudder.
The cyclops is almost dead.
The yak is heavily wounded.
The cyclops is almost dead.
The wraith hits you but does no damage. The yak gores you!
* * * LOW HITPOINT WARNING * * *
You hit the cyclops but do no damage.
The cyclops is almost dead.
The cyclops hits you!
You die...

...... ....C
..P... ....
P..... ... .
.....Y .W .#
...S..♣. ..#
.P...lY####..#
#..#♣Y...#
##lWC...##
#...#### #...#
#...#
####...######.
..............
###
######.#######
..# #.#


You could see a cyclops, a yak, a wraith and an iguana.

Vanquished Creatures
  An ugly thing (D:11)
  Maurice (D:8)
  Maggie (D:7)
  3 trolls
  Grinder (D:4)
  A hornet (D:9)
  A shadow (D:11)
  Sigmund (D:5)
  A wyvern (D:7)
  11 yaks
  A wraith (D:11)
  A basilisk (D:11)
  Eustachio (D:6)
  A steam dragon (D:8)
  8 vampire mosquitoes (D:11)
  6 water moccasins
  3 sky beasts
  3 orc warriors
  2 black bears
  2 ogres (D:5)
  3 centaurs
  3 phantoms (D:10)
  3 kobold brigands
  6 bullfrogs
  A necrophage (D:7)
  A scorpion (D:7)
  8 wights
  A troll zombie (D:10)
  16 killer bees
  A jelly (D:6)
  A bullfrog zombie (D:7)
  2 centaur zombies (D:7)
  8 howler monkeys
  A human zombie (D:7)
  2 hounds
  6 orc priests
  3 gnoll shamans
  2 iguanas
  6 orc wizards
  A killer bee zombie (D:7)
  7 ogre zombies (D:10)
  3 mummies (D:7)
  5 adders
  14 gnolls
  5 white imps
  An ufetubus (D:5)
  2 dart slugs
  21 orcs
  6 ball pythons
  12 endoplasms
  2 giant cockroaches
  10 goblins
  6 hobgoblins
  15 jackals
  5 quokkas
  2 bats
  6 frilled lizards
  4 goblin skeletons (D:10)
  3 goblin zombies (D:10)
  3 hobgoblin zombies (D:10)
  18 kobolds
  3 orc skeletons (D:10)
  12 orc zombies (D:10)
  4 rats
294 creatures vanquished.

Vanquished Creatures (others)
  An orc (D:7)
  A bush (D:11)
  3 fungi (D:11)
  16 plants (D:11)
21 creatures vanquished.

Grand Total: 315 creatures vanquished

Notes
Turn   | Place    | Note
-------+----------+-------------------------------------------
     0 | D:1      | Anon1729 the Minotaur Monk began the quest for the Orb.
     0 | D:1      | Reached XP level 1. HP: 19/19 MP: 0/0
   219 | D:1      | Reached XP level 2. HP: 25/27 MP: 1/1
   340 | D:1      | Found a faded altar of an unknown god.
   351 | D:1      | Prayed at the altar of an unknown god.
   351 | D:1      | Became a worshipper of Dithmenos the Shadowed
   351 | D:1      | Reached * piety under Dithmenos
   351 | D:1      | Reached ** piety under Dithmenos
   402 | D:1      | Reached XP level 3. HP: 32/33 MP: 2/2
   700 | D:1      | Reached *** piety under Dithmenos
  1080 | D:2      | Reached XP level 4. HP: 40/41 MP: 3/3
  1234 | D:2      | Found the +6 shillelagh "Devastator" {shatter}
  1236 | D:2      | Found a runed translucent door.
  1240 | D:2      | Noticed Crazy Yiuf
  1259 | D:2      | Identified the +2 mace "Kohicuk" {spect, rPois}
  1268 | D:2      | Identified the +6 mace of the Fortifying Gods {venom,
                  | +Blink rElec rC++ Dex-4}
  1273 | D:2      | Identified the +1 mace "Qubior" {vorpal, Drain rC++ MP+9
                  | Str+2}
  1276 | D:2      | Identified the +1 mace of Change {vamp, rC+ Will- Dex+3}
  1278 | D:2      | Identified the +6 mace of Amorality {flame, Int+3}
  1282 | D:2      | Identified the +10 mace "Irys" {flame, *Corrode Will+++
                  | Str+4}
  1721 | D:3      | Reached **** piety under Dithmenos
  1877 | D:3      | You fall into a shaft and drop 2 floors!
  1877 | D:5      | Entered Level 5 of the Dungeon
  1947 | D:5      | Noticed a sky beast
  1952 | D:5      | Reached skill level 1 in Maces & Flails
  1957 | D:5      | HP: 2/41 [something (5)]
  1961 | D:5      | Killed a sky beast
  1962 | D:5      | Reached skill level 2 in Maces & Flails
  1962 | D:5      | Reached XP level 5. HP: 31/47 MP: 4/4
  2152 | D:5      | Noticed an ogre
  2157 | D:5      | Killed an ogre
  2158 | D:5      | Reached skill level 5 in Fighting
  2158 | D:5      | Reached skill level 3 in Maces & Flails
  2158 | D:5      | Reached XP level 6. HP: 56/56 MP: 5/5
  2318 | D:5      | Reached skill level 4 in Maces & Flails
  2659 | D:5      | Found a shimmering altar of Xom.
  2666 | D:5      | Noticed Sigmund
  2668 | D:5      | Killed Sigmund
  2669 | D:5      | Reached skill level 5 in Dodging
  2669 | D:5      | Reached XP level 7. HP: 62/62 MP: 6/6
  2911 | D:4      | Found a transporter.
  2917 | D:4      | Reached skill level 5 in Maces & Flails
  3291 | D:4      | Noticed Grinder
  3302 | D:4      | Killed Grinder
  3303 | D:4      | Reached skill level 6 in Maces & Flails
  3305 | D:4      | Reached XP level 8. HP: 49/70 MP: 7/7
  3414 | D:4      | Found a transporter.
  3776 | D:6      | Noticed Eustachio
  3791 | D:6      | Killed Eustachio
  3792 | D:6      | Reached ***** piety under Dithmenos
  3793 | D:6      | Reached skill level 7 in Maces & Flails
  3912 | D:6      | Reached skill level 8 in Maces & Flails
  4102 | D:6      | Reached skill level 5 in Stealth
  4200 | D:6      | Found a stormy altar of Qazlal.
  4256 | D:6      | Reached XP level 9. HP: 78/79 MP: 8/8
  4325 | D:7      | Found a staircase to the Ecumenical Temple.
  4343 | Temple   | Entered the Ecumenical Temple
  4673 | D:7      | Noticed Maggie
  4693 | D:7      | Killed Maggie
  4702 | D:7      | Reached skill level 9 in Maces & Flails
  5232 | D:7      | Found a shimmering blue altar of Sif Muna.
  5435 | D:7      | Found an ancient bone altar of Kikubaaqudgha.
  5591 | D:7      | Reached skill level 10 in Maces & Flails
  6069 | D:8      | Reached XP level 10. HP: 90/90 MP: 9/9
  6389 | D:8      | Found a glowing golden altar of the Shining One.
  6435 | D:8      | Noticed Maurice
  6444 | D:8      | Killed Maurice
  6757 | D:9      | Reached skill level 11 in Maces & Flails
  6865 | D:9      | Found a transporter.
  6865 | D:9      | Noticed a two-headed ogre
  6865 | D:9      | Noticed a two-headed ogre
  7085 | D:9      | Noticed B1inky's ghost (novice OpEE)
  7214 | D:9      | Reached skill level 12 in Maces & Flails
  7340 | D:9      | Found a shadowy altar of Dithmenos.
  7575 | D:10     | Entered Level 10 of the Dungeon
  7575 | D:10     | Found a staircase to the Orcish Mines.
  7587 | D:10     | Reached ****** piety under Dithmenos
  8100 | D:10     | Reached XP level 11. HP: 94/99 MP: 10/10
  8344 | D:11     | Reached skill level 10 in Fighting
  8667 | D:11     | Noticed a white ugly thing
  8977 | D:11     | Noticed a boulder beetle
  9662 | D:11     | Found a runed translucent gate.
  9662 | D:11     | Found a runed translucent gate.
  9663 | D:11     | Found a runed translucent gate.
  9664 | D:11     | Noticed manifold's ghost (journeyman TrWr)
  9664 | D:11     | Noticed Flippered's ghost (journeyman TrTm)
  9666 | D:11     | Noticed kae's ghost (journeyman DgFE)
  9762 | D:11     | Killed a white ugly thing
  9763 | D:11     | Reached skill level 13 in Maces & Flails
  9914 | D:11     | Slain by a cyclops

Illustrated notes

Levels and vault maps discovered:
D:1:      matt_arrival_los_fun, layout_basic,
          shapermc_ecumenical_altar_totnotflames, st_stairs_2
D:2:      layout_rooms, minmay_pentomino_pile, uniq_crazy_yiuf_cottage
D:3:      layout_loops_ring
D:4:      gammafunk_cloud_chamber, layout_basic, serial_corexii_hall,
          corexii_hall_statues_u, chequers_hall_statues_corner_a,
          corexii_hall_statues_deadend, corexii_hall_statues_s,
          chequers_hall_statues_corner_a, chequers_hall_statues_corner_a,
          uniq_grinder
D:5:      layout_loops_corners, xom_teletrap_fun, uniq_sigmund
D:6:      layout_cave_pools, kennysheep_mini_moat, uniq_eustachio
D:7:      layout_basic, lemuel_mausoleum_altar_kikubaaqudgha, led_sif_pool,
          minmay_temple_entry_mist, dreamdust_princess_bridge, uniq_maggie
D:8:      layout_loops_ring, lemuel_crystal_altar, uniq_maurice
D:9:      layout_cave_pools, nicolae_dithmenos_through_a_glass_darkly,
          gammafunk_ghost_smash
D:10:     layout_gridville, zombieorc2_lemuel
D:11:     layout_loops_ring, minmay_lair_entry_grove, gammafunk_ghost_cemetery
Temple:   eino_temple_scatter_basement

Skill      XL: |  1  2  3  4  5  6  7  8  9 10 11 |
---------------+----------------------------------+-----
Fighting       | 4 5 6 7 8 9 10 | 10.5
Long Blades    | 4 |  4.3
Stealth        | 2 3 4 5 6 7 |  7.7
Dodging        | 4 5 6 7 9 |  9.6
Maces & Flails | 2 3 4 6 8 10 12 13 | 13.3

Action                   |  1- 3 |  4- 6 |  7- 9 | 10-12 || total
-------------------------+-------+-------+-------+-------++-------
Melee: Falchion          |    72 |     1 |       |       ||    73
       Headbutt          |    12 |       |    19 |    22 ||    53
       Shillelagh        |       |    40 |   131 |   163 ||   334
       Punch             |       |       |     1 |     2 ||     3
Evoke: Wand              |       |       |       |     6 ||     6
  Use: Potion            |       |     3 |       |     4 ||     7
       Scroll            |       |       |       |    11 ||    11
 Stab: Sleeping          |     8 |     8 |    18 |     6 ||    40
       Distracted        |       |       |     3 |     1 ||     4
       Paralysed         |       |       |       |     2 ||     2
Armor: Robe              |    10 |     5 |     8 |    23 ||    46
       Skin              |       |       |       |    30 ||    30
Dodge: Dodged            |    80 |    17 |    78 |   157 ||   332

Table legend: (Time is in decaauts)
 A = Elapsed time spent in this place.
 B = Non-inter-level travel time spent in this place.
 C = Inter-level travel time spent in this place.
 D = Time resting spent in this place.
 E = Time spent auto-exploring this place.
 F = Levels seen in this place.
 G = Mean time per level.
                   A        B        C        D        E       F      G
               +--------+--------+--------+--------+--------+-----+--------+
         Total |   9876 |   9533 |    343 |    898 |   7080 |  12 |  823.0 |
       Dungeon |   9662 |   9338 |    324 |    898 |   6899 |  11 |  878.4 |
        Temple |    213 |    194 |     19 |      0 |    181 |   1 |  213.0 |
               +--------+--------+--------+--------+--------+-----+--------+

Top non-repeatable levels by time:
    D:10: 1382 daAuts
     D:7: 1356 daAuts
     D:5: 1069 daAuts
     D:9: 1028 daAuts
     D:8: 842 daAuts
     D:1: 829 daAuts
     D:4: 776 daAuts
    D:11: 716 daAuts
     D:2: 669 daAuts
     D:6: 604 daAuts
     D:3: 388 daAuts
  Temple: 213 daAuts
